cohdb
Replays
Latest Replays
All Replays
Popular Replays
Top Player Replays
Match Explorer
How It Works
Community
CoH3 Stats
Reddit
Sign in to upload your games and track your stats! →
Sign in with Steam
Match 41386935
Unlisted
Match 41386935
Overview
Messages
Build Orders
End
Kettenkrad Recon Vehicle
Construct Infanterie Kompanie
MG 42 Machine Gun Team
Grenadier Squad
GrW 34 Mortar Team
Construct Panzergrenadier Kompanie
251 Medium Carrier
Panzergrenadier Squad
Pak 40 Anti-tank Gun Team
Construct Panzer Kompanie
upu
何地啊
Brucaccio
CPU - VERY EASY
haha101
ShiningRay
koba (Monkey man)
BOOM YOU
0
0
Comments
sign in to comment!
No comments posted yet!